 Dungeon Crawl Stone Soup version 0.28.0-53-g5a82cb258f (webtiles) character file.

Game seed: 9646769844991670260

178 safid the Chopper (level 5, -1/46 HPs)
             Began as a Hill Orc Fighter on Aug 3, 2022.
             Slain by a gnoll
             ... wielding a +0 spear
              (4 damage)
             ... on level 3 of the Dungeon.
             The game lasted 00:04:02 (2929 turns).

safid the Chopper (Hill Orc Fighter)                Turns: 2929, Time: 00:04:02

Health: -1/46      AC: 10    Str: 21    XL:     5   Next: 58%
Magic:  5/5        EV:  9    Int:  8    God:
Gold:   162        SH:  4    Dex: 10    Spells: 4/4 levels left

rFire   . . .      SeeInvis .   a - +0 war axe
rCold   . . .      Faith    .   c - +0 buckler
rNeg    . . .      Spirit   .   b - +0 scale mail
rPois   .          Reflect  .   e - +2 helmet
rElec   .          Harm     .   (no cloak)
rCorr   .          Rampage  .   (no gloves)
Will    .....                   (no boots)
Stlth   ..........              (no amulet)
HPRegen 0.15/turn               (no ring)
MPRegen 0.09/turn               (no ring)

@: no status effects
A: no striking features
a: no special abilities


You were on level 3 of the Dungeon.
You visited 1 branch of the dungeon, and saw 3 of its levels.

You collected 162 gold pieces.

Inventory:

Hand Weapons
 a - a +0 war axe (weapon)
Missiles
 g - a poisoned dart (quivered)
 h - 6 curare-tipped darts
Armour
 b - a +0 scale mail (worn)
 c - a +0 buckler (worn)
 e - a +2 helmet (worn)
Jewellery
 n - a ring of resist corrosion
Scrolls
 f - 2 scrolls of identify {unknown}
 i - a scroll of holy word {unknown}
 j - a scroll of noise {unknown}
 k - 2 scrolls of fog {unknown}
 l - a scroll of enchant weapon {unknown}
 m - a scroll of teleportation {unknown}
 o - a scroll of brand weapon {unknown}
 p - a scroll of torment {unknown}
Potions
 d - 5 potions of might
 q - a potion of curing {unknown}
 r - a potion of flight {unknown}


   Skills:
 - Level 4.0 Fighting
 + Level 6.1 Axes
 - Level 4.0 Armour
 - Level 4.0 Shields


You had 4 spell levels left.
You didn't know any spells.
Your spell library contained the following spells:

 Spells                   Type           Power      Damage    Failure   Level
 Portal Projectile        Hex/Tloc       0%         N/A       99%         3
 Blade Hands              Tmut           0%         N/A       100%        5
 Excruciating Wounds      Necr           0%         N/A       100%        5


Dungeon Overview and Level Annotations

Branches:
Dungeon (3/15)

Altars:
Fedhas
Nemelex Xobeh


Message History

The gnoll hits you from afar with a +0 spear.
You see here a +0 whip.
You hit the gnoll but do no damage. The gnoll hits you with a +0 halberd.
The gnoll hits you from afar with a +0 spear.
You hit the gnoll.
The gnoll is lightly wounded.
The gnoll closely misses you. You block the gnoll's attack.
The gnoll hits you with a +0 halberd!
The gnoll hits you from afar with a +0 spear.
You barely miss the gnoll.
The gnoll is lightly wounded.
The gnoll hits you but does no damage. The gnoll barely misses you.
You hit the gnoll.
The gnoll is moderately wounded.
You block the gnoll's attack. x2
You slash the gnoll!
You kill the gnoll!
The gnoll hits you from afar with a +0 spear.
The gnoll hits you but does no damage.
Your Axes skill increases to level 6!
You slash the gnoll!
You kill the gnoll!
The gnoll hits you from afar with a +0 spear.
* * * LOW HITPOINT WARNING * * *
The gnoll hits you with a +0 spear!
* * * LOW HITPOINT WARNING * * *
Things that are here:
a +0 whip; a +0 halberd The gnoll hits you but does no damage.
The gnoll barely misses you.
The gnoll hits you from afar with a +0 spear.
* * * LOW HITPOINT WARNING * * *
Throw: 2 darts (poison)
Press: ? - help, Q - select action, (/) - cycle Shift-Dir - straight line, f - gnoll
Aim: a gnoll, wielding a +0 spear (61% to hit)
You throw a poisoned dart. The poisoned dart hits the gnoll.
The gnoll is poisoned.
The gnoll hits you but does no damage. The gnoll hits you with a +0 spear.
You die...

###### ############### ######
...... ............... ....##
###############....#########..###
............................)...†
###############.##.##########.###
#.##.##########.##
#..g.)).....(<#..#
#.@.#######.#.##.# #...# #.#
#..(.# #.# ......# #.## ###....#
#..# ###########+###....# ##.#
)))..........##....# #.#
####.........##....# #..
#.........# ##.


You could see a gnoll (poisoned).

Vanquished Creatures
  A hound (D:2)
  Ijyb (D:3)
  An orc wizard (D:3)
  3 gnolls (D:3)
  An adder (D:3)
  A dart slug (D:1)
  3 orcs (D:3)
  2 endoplasms (D:1)
  3 giant cockroaches
  6 hobgoblins
  4 jackals (D:3)
  3 kobolds
  3 quokkas
  7 ball pythons
  5 bats
  2 frilled lizards (D:3)
  5 goblins
  4 rats
55 creatures vanquished.

Notes
Turn   | Place    | Note
-------+----------+-------------------------------------------
     0 | D:1      | safid the Hill Orc Fighter began the quest for the Orb.
     0 | D:1      | Reached XP level 1. HP: 19/19 MP: 1/1
   342 | D:1      | Reached XP level 2. HP: 24/27 MP: 2/2
   348 | D:1      | Reached skill level 3 in Axes
   738 | D:1      | Reached XP level 3. HP: 32/33 MP: 3/3
  1467 | D:2      | Reached skill level 4 in Axes
  1467 | D:2      | Reached XP level 4. HP: 38/40 MP: 4/4
  1849 | D:3      | Noticed an ogre
  1861 | D:2      | HP: 1/40 [quokka (3)]
  2458 | D:3      | Found a blossoming altar of Fedhas.
  2458 | D:3      | Found a sparkling altar of Nemelex Xobeh.
  2569 | D:3      | Reached skill level 5 in Axes
  2576 | D:3      | Reached XP level 5. HP: 26/46 MP: 5/5
  2592 | D:3      | Found a faded altar of an unknown god.
  2793 | D:3      | Noticed Ijyb
  2825 | D:3      | Killed Ijyb
  2922 | D:3      | Reached skill level 6 in Axes
  2929 | D:3      | Slain by a gnoll

Illustrated notes

Levels and vault maps discovered:
D:1:      nzn_arrival_water_spiral, layout_basic
D:2:      layout_basic, minmay_quadrilaterals
D:3:      layout_basic, minitemple, ebering_ecumenical_altar_rust, uniq_ijyb

Skill      XL: |  1  2  3  4  5 |
---------------+----------------+-----
Axes           | 3 4 5 6 |  6.1
Fighting       | 4 |  4.0
Armour         | 4 |  4.0
Shields        | 4 |  4.0

Action                   |  1- 3 |  4- 6 || total
-------------------------+-------+-------++-------
Melee: War axe           |    96 |    94 ||   190
Throw: Dart              |       |     2 ||     2
Armor: Scale mail        |    52 |    53 ||   105
Dodge: Dodged            |    46 |    41 ||    87
Block: Buckler           |    19 |    16 ||    35
